 Dungeon Crawl Stone Soup version 0.31.0-11-ge490571c62 (webtiles) character file.

Game seed: 13265717372016577358

463 hawla the Magician (level 6, 0/32 HPs)
             Began as a Deep Elf Fire Elementalist on Jan 31, 2024.
             Was an Initiate of Vehumet.
             Slain by a gnoll (3 damage)
             ... on level 4 of the Dungeon.
             The game lasted 00:11:24 (3479 turns).

hawla the Magician (Deep Elf Fire Elementalist)     Turns: 3479, Time: 00:11:25

Health: 0/32       AC:  2    Str:  5    XL:     6   Next: 79%
Magic:  8/17       EV: 13    Int: 22    God:    Vehumet [......]
Gold:   235        SH:  0    Dex: 21    Spells: 7/17 levels left

rFire   . . .        l - +2 falchion (distort)
rCold   . . .        (no shield)
rNeg    . . .        a - +0 robe
rPois   .            (no helmet)
rElec   .            (no cloak)
rCorr   .            (no gloves)
SInv    .            (no boots)
Will    .....        (no amulet)
Stlth   ++           c - +6 ring of dexterity
HPRegen 0.25/turn    (no ring)
MPRegen 0.15/turn

%: no passive effects
@: no status effects
A: no striking features
a: Renounce Religion


You were on level 4 of the Dungeon.
You worshipped Vehumet.
Vehumet was noncommittal.
You visited 2 branches of the dungeon, and saw 5 of its levels.

You collected 235 gold pieces.

Inventory:

Hand Weapons
 l - a +2 falchion of distortion (weapon)
Armour
 a - a +0 robe (worn)
Jewellery
 c - a +6 ring of dexterity (left hand)
Wands
 i - a wand of iceblast (4)
Scrolls
 e - a scroll of poison
 k - 2 scrolls of identify
 m - a scroll of immolation {unknown}
Potions
 b - 2 potions of magic
 d - 2 potions of attraction
 h - a potion of brilliance


   Skills:
 - Level 2.4 Dodging
 - Level 2.4 Stealth
 - Level 6.0 Spellcasting
 + Level 4.5 Conjurations
 - Level 2.0 Hexes
 - Level 3.2 Fire Magic
 - Level 4.0 Evocations


You had 7 spell levels left.
You knew the following spells:

 Your Spells              Type           Power      Damage    Failure   Level
a - Foxfire               Conj/Fire      92%        2x1d8     1%          1
b - Scorch                Fire           42%        2d6       3%          2
c - Flame Wave            Conj/Fire      23%        2d8       19%         4
d - Tukima's Dance        Hex            15%        N/A       12%         3

Your spell library contained the following spells:

 Spells                   Type           Power      Damage    Failure   Level
 Inner Flame              Hex/Fire       18%        N/A       10%         3
 Volatile Blastmotes      Fire/Tloc      26%        2d12      14%         3
 Ignite Poison            Fire/Alch      13%        N/A       43%         4
 Sticky Flame             Fire/Alch      13%        2d5       43%         4
 Passage of Golubria      Tloc           6%         N/A       65%         4
 Yara's Violent Unravell  Hex/Alch       5%         3d4       86%         5
 Ignition                 Fire           10%        3d5       100%        8


Dungeon Overview and Level Annotations

Branches:
Dungeon (4/15)             Temple (1/1) D:4

Altars:
Ashenzari
Dithmenos
Elyvilon
Gozag
Hepliaklqana
Kikubaaqudgha
Makhleb
Nemelex Xobeh
Qazlal
Sif Muna
Vehumet
Xom
Yredelemnul
Zin
The Shining One

Shops:
D:1 :[:(*

Annotations:
D:1 2 transporters
D:2 1 runed translucent door, Crazy Yiuf


Message History

Confirm with . or Enter, or press ? or * to list all spells.
Aiming: Tukima's Dance (quite dangerous; 12% risk of failure)
Press: ? - help, Shift-Dir - straight line, f/p - gnoll
Aim: a gnoll, wielding a +0 halberd (chance to affect: 57%)
The +0 halberd dances into the air!
The gnoll barely misses you. x2
You hit the gnoll but do no damage.
Space warps around the gnoll.
The gnoll is lightly wounded.
The gnoll hits you but does no damage. The gnoll closely misses you.
The gnoll barely misses you.
Your +0 halberd hits the gnoll from afar.
You slash the gnoll!
Space warps around the gnoll.
You kill the gnoll!
Vehumet accepts your kill. The gnoll closely misses you.
The gnoll hits you from afar with a +0 halberd.
The gnoll barely misses you. x2
The gnoll barely misses you. The gnoll hits you but does no damage.
You slash the gnoll!
Space warps around the gnoll.
The gnoll is severely wounded.
Your +0 halberd falls from the air.
The gnoll misses you. The gnoll hits you with a +0 halberd.
You barely miss the gnoll.
The gnoll is severely wounded.
The gnoll hits you from afar with a +0 halberd!
The gnoll closely misses you.
Your magical contamination has completely faded away.
You are too injured to fight recklessly!
Casting: Tukima's Dance (quite dangerous; 12% risk of failure)
Confirm with . or Enter, or press ? or * to list all spells.
Aiming: Tukima's Dance (quite dangerous; 12% risk of failure)
Press: ? - help, Shift-Dir - straight line, f - gnoll
Aim: a gnoll, wielding a +0 halberd (severely wounded, chance to affect: 57%)
The +0 halberd dances into the air!
The gnoll hits you from afar with a +0 halberd!
* * * LOW HITPOINT WARNING * * *
The gnoll misses you.
Okay, then.
You see here a +0 halberd.
The gnoll attacks as it pursues you! The gnoll hits you.
You die...

# #..#....##...##
#..#..........#
#..#..#.......# .#
## #..#.......# ..+
#..#.##..###...#
####.#######...# #.
#...........# .
#..#...........#
...#..#)...@......#
...........g.......
####...†...........
#......(g....##+
#............#
##...#######.#
#...# .# .....# .
).....# .


You could see 2 gnolls and a friendly +0 halberd.

Vanquished Creatures
  A water moccasin (D:3)
  2 orc priests
  Ijyb (D:3)
  Natasha (thrice) (D:2)
  An orc wizard (D:4)
  4 gnolls
  5 adders
  A dart slug (D:4)
  2 ribbon worms
  10 orcs
  5 bats
  4 endoplasms
  A giant cockroach (D:1)
  12 goblins
  6 hobgoblins
  4 kobolds
  4 quokkas
  4 frilled lizards
  6 rats
76 creatures vanquished.

Vanquished Creatures (collateral kills)
  2 orcs (D:3)
2 creatures vanquished.

Vanquished Creatures (others)
  123 foxfires
123 creatures vanquished.

Grand Total: 201 creatures vanquished

Notes
Turn   | Place    | Note
-------+----------+-------------------------------------------
     0 | D:1      | hawla the Deep Elf Fire Elementalist began the quest for
                  | the Orb.
     0 | D:1      | Reached XP level 1. HP: 10/10 MP: 6/6
    48 | D:1      | Found Reneuk's Armour Shop.
    86 | D:1      | Found a faded altar of an unknown god.
   101 | D:1      | Found Vyilumuqau's Book Emporium.
   221 | D:1      | Found a transporter.
   234 | D:1      | Reached skill level 4 in Spellcasting
   234 | D:1      | Reached XP level 2. HP: 15/15 MP: 6/9
   237 | D:1      | Learned a level 2 spell: Scorch
   399 | D:1      | Found Nyxti's General Store.
   664 | D:1      | Found a transporter.
   666 | D:1      | Found Qeoseupt's Antique Weapon Boutique.
   793 | D:1      | Found Rioris's Book Emporium.
   908 | D:1      | Reached XP level 3. HP: 18/19 MP: 11/11
  1064 | D:2      | Reached skill level 5 in Spellcasting
  1074 | D:2      | Noticed Natasha
  1077 | D:2      | Killed Natasha
  1090 | D:2      | Noticed Natasha
  1096 | D:2      | Killed Natasha
  1097 | D:2      | Reached skill level 6 in Spellcasting
  1097 | D:2      | Reached skill level 1 in Evocations
  1097 | D:2      | Reached XP level 4. HP: 24/24 MP: 5/14
  1277 | D:2      | Noticed Natasha
  1279 | D:2      | Killed Natasha
  1499 | D:2      | Reached XP level 5. HP: 28/28 MP: 11/15
  1555 | D:2      | Found a runed translucent door.
  1556 | D:2      | Noticed Crazy Yiuf
  1665 | D:2      | You fall into a shaft and drop 1 floor!
  2116 | D:3      | Learned a level 4 spell: Flame Wave
  2246 | D:3      | Found a stormy altar of Qazlal.
  2253 | D:2      | Learned a level 3 spell: Tukima's Dance
  2599 | D:3      | Noticed Ijyb
  2609 | D:3      | Killed Ijyb
  2957 | D:3      | Reached XP level 6. HP: 20/32 MP: 2/17
  3167 | D:4      | Found a staircase to the Ecumenical Temple.
  3171 | D:4      | Noticed a water moccasin
  3182 | D:3      | Killed a water moccasin
  3186 | D:3      | HP: 1/32 [poisoned by a water moccasin]
  3349 | Temple   | Entered the Ecumenical Temple
  3364 | Temple   | Became a worshipper of Vehumet
  3479 | D:4      | Slain by a gnoll

Illustrated notes

Levels and vault maps discovered:
D:1:      mushboom_english_gardens, layout_basic, serial_glass, glass_columns_a,
          glass_columns_b, serial_shops, shop, shop, nicolae_shop_drivethru,
          nicolae_shop_statue_plus, shop, hellmonk_ecumenical_altar_crossroads,
          minmay_3d_cube
D:2:      layout_rooms, kennysheep_generic_room_13, uniq_natasha,
          uniq_crazy_yiuf_cottage
D:3:      layout_loops_ring, grunt_qazlal_clouds, hangedman_decor_growths,
          kennysheep_orc_chapel, uniq_ijyb
D:4:      layout_gridville, minmay_temple_entry_offerings, roderic_lattice_a,
          hangedman_abyss_or_decor_stagger, dreamdust_gnoll_farm
Temple:   jpeg_temple_clearing

Skill      XL: |  1  2  3  4  5  6 |
---------------+-------------------+-----
Spellcasting   | 4 6 |  6.0
Evocations     | 1 2 4 |  4.0
Hexes          | 2 |  2.0
Conjurations   | 2 4 |  4.5
Dodging        | |  2.4
Stealth        | |  2.4
Fire Magic     | |  3.2

Action                     |  1- 3 |  4- 6 || total
---------------------------+-------+-------++-------
  Melee: Unarmed           |     6 |       ||     6
         Staff             |     5 |    18 ||    23
         Falchion          |       |    14 ||    14
   Cast: Foxfire           |    31 |    41 ||    72
         Scorch            |     3 |    25 ||    28
         Tukima's Dance    |       |     8 ||     8
         Flame Wave        |       |     1 ||     1
    Use: Scroll            |     3 |     3 ||     6
         Potion            |       |     2 ||     2
   Stab: Sleeping          |       |     2 ||     2
 Armour: Robe              |     6 |    44 ||    50
  Dodge: Dodged            |    10 |    51 ||    61
